 Dungeon Crawl Stone Soup version 0.14-a0-3295-g3fd807f (webtiles) character file.

4048 Psiweapon the Quickloader (level 10, -6/52 HPs)
             Began as a Kobold Hunter on Mar 14, 2014.
             Was an Elder of Okawaru.
             Mangled by a yak (11 damage)
             ... on Level 9 of the Dungeon.
             The game lasted 00:59:10 (7418 turns).

Psiweapon the Quickloader (Kobold Hunter)           Turns: 7418, Time: 00:59:10

HP  -6/52        AC  4     Str 13      XL: 10   Next: 48%
MP  22/22        EV 22     Int  9      God: Okawaru [****..]
Gold 0           SH  0     Dex 18      Spells:  0 memorised,  9 levels left

rFire  + . .     SeeInvis .     D - +4 rod of destruction (1/11)
rCold  . . .     Clarity  +     j - +1 robe
rNeg   . . .     Conserve .     (no shield)
rPois  .         rCorr    .     (no helmet)
rElec  .         rRot     .     x - +0 cloak
SustAb . .       Spirit   .     (no gloves)
rMut   .         Warding  .     (no boots)
Saprov + + .     Stasis   .     r - amulet of clarity
MR     .....                    w - ring of protection from fire
                                e - ring of regeneration

@: not resistant to hostile enchantments, fairly stealthy
A: disease resistance, carnivore 3, saprovore 2
a: Heroism, Renounce Religion


You were on level 9 of the Dungeon.
You worshipped Okawaru.
Okawaru was greatly pleased with you.
You were not hungry.

You visited 1 branch of the dungeon, and saw 10 of its levels.

You collected 442 gold pieces.
You spent 442 gold pieces at shops.

Inventory:

Hand weapons
 a - a +0,+0 short sword
 b - a +2,+2 crossbow
 i - a +2,+2 dagger of speed
 B - a +4,+3 quarterstaff of chaos
Missiles
 c - 14 bolts
 p - 35 poisoned needles
 C - 10 bolts of frost
 G - 8 steel bolts
Armour
 d - a +0 leather armour
 j - a +1 robe (worn)
 u - a +0 pair of gloves
 x - a +0 cloak (worn)
 F - a -1 robe
 L - a +0 buckler
 O - a +0 leather armour
Magical devices
 y - a wand of teleportation (4)
 K - a wand of confusion (11)
Comestibles
 f - 5 meat rations
 n - a slice of pizza
 q - a sausage
Scrolls
 g - 2 scrolls of teleportation
 l - a scroll of enchant armour
 v - a scroll of amnesia
Jewellery
 e - a ring of regeneration (left hand)
 o - an uncursed ring of ice
 r - an amulet of clarity (around neck)
 w - a ring of protection from fire (right hand)
 E - an uncursed amulet of rage
 J - an uncursed amulet of conservation
Potions
 h - 4 potions of curing
 k - 4 potions of heal wounds
 m - a potion of flight
 z - 2 potions of might
 A - a potion of magic {unknown}
 H - a potion of resistance {unknown}
Books
 t - a book of Wizardry

   Spells                             Type                      Level
   Summon Elemental                   Summoning                    4
   Agony                              Necromancy                   5
   Force Lance                        Conjuration                  5
   Haste                              Charms                       6
   Invisibility                       Hexes                        6
   Spellforged Servitor               Conjuration/Summoning        7
Rods
 D - a +4 rod of destruction (1/11) (weapon)
   (You acquired it on level 6 of the Dungeon)


   Skills:
 - Level 1.1 Fighting
 - Level 10.0 Crossbows
 - Level 8.8 Dodging
 - Level 1.3 Stealth
 + Level 7.9 Invocations
 + Level 9.4 Evocations


You had 9 spell levels left.
You didn't know any spells.

Dungeon Overview and Level Annotations

Branches:
Dungeon (10/15)            Temple (0/1) D:5             Orc (0/4) D:9
   Lair (0/8) D:8

Altars:
Kikubaaqudgha
Okawaru
Vehumet

Shops:
D:4 =   D:9 }*}*

Annotations:
D:8 Tabbeli's ghost, experienced DECj


Innate Abilities, Weirdness & Mutations

You recuperate from illness quickly.
You are small and have problems with some larger weapons.
You are carnivorous and can eat meat at any time.
You can eat rotten meat.


Message History

The bolt of cold hits the yak.
The yak is almost dead.
The bolt of cold hits the orc priest.
You kill the orc priest!
Okawaru accepts your kill. The yak gores you. The orc barely misses you.
The yak gores you!
An orc wizard and a mummy come into view.
The orc wizard moves out of view.
The yak gores you!
* * * LOW HITPOINT WARNING * * *
The yak closely misses you.
You climb upwards.
There is a stone staircase leading down here.
Read which item? (? for menu, Esc to quit)
As you read the scroll of fear, it crumbles to dust.
You assume a fearsome visage.
The hill giant looks frightened!
The yak looks frightened!
The yak resists.
The orc looks frightened!
The yak gores you.
* * * LOW HITPOINT WARNING * * *
The yak gores you!
You die...

#.# #.# #.
######.## #.# ###.
#.......# #.# #.#.
#.......# #.###.#.
#.......###.......
######......###.#.
#Y####.##.#.###.#.
#>Y..C............
##@####.!..#.##..#.
#..................
#.o####.##.#..>....
#..###.............
#..................
#...###.##.#.##...#
#...###.##.#......#
#........###.######
#........###..###.#


You could see a hill giant (fleeing), 2 yaks and an orc (fleeing).

Vanquished Creatures
  Grinder (D:4)
  A troll (D:9)
  A wyvern (D:9)
  A hungry ghost (D:9)
  A hippogriff (D:7)
  A water moccasin (D:8)
  4 orc warriors
  A sky beast (D:9)
  3 ogres
  An ice beast (D:9)
  2 phantoms (D:9)
  3 centaurs
  2 giant frogs
  A scorpion (D:6)
  A troll zombie (D:9)
  5 wights (D:6)
  2 jellies
  A giant frog zombie (D:9)
  2 goliath beetles (D:6)
  2 hounds
  2 crimson imps
  6 orc priests
  Crazy Yiuf (D:4)
  7 orc wizards
  9 worker ants
  3 iguanas
  5 ogre zombies (D:9)
  An ogre skeleton (D:5)
  A hound skeleton (D:4)
  4 adders
  13 orc zombies
  4 gnolls (D:2)
  A giant mite (D:6)
  A goliath beetle zombie (D:9)
  A shadow imp (D:6)
  8 worms
  5 giant geckos
  2 oozes
  35 orcs
  16 bats
  A bat zombie (D:6)
  12 goblins
  11 hobgoblins
  8 jackals
  2 quokkas
  A ball python (D:2)
  6 giant cockroaches
  4 giant newts
  A gnoll zombie (D:6)
  2 goblin zombies (D:9)
  3 hobgoblin zombies (D:9)
  7 kobolds
  3 kobold skeletons
  4 orc skeletons
  A quokka skeleton (D:4)
  13 rats
240 creatures vanquished.

Notes
Turn   | Place    | Note
--------------------------------------------------------------
     0 | D:1      | Psiweapon, the Kobold Hunter, began the quest for the Orb.
     0 | D:1      | Reached XP level 1. HP: 12/12 MP: 1/1
    26 | D:1      | Reached skill level 5 in Crossbows
   231 | D:1      | Reached XP level 2. HP: 16/16 MP: 2/2
   640 | D:1      | Reached XP level 3. HP: 20/20 MP: 3/3
   818 | D:2      | Reached XP level 4. HP: 25/25 MP: 4/4
  1091 | D:2      | Found an iron altar of Okawaru.
  1095 | D:2      | Reached skill level 6 in Crossbows
  1127 | D:2      | Became a worshipper of Warmaster Okawaru
  1522 | D:3      | Reached XP level 5. HP: 29/29 MP: 5/5
  2220 | D:4      | Reached XP level 6. HP: 34/34 MP: 6/6
  2229 | D:4      | Reached skill level 7 in Crossbows
  2229 | D:4      | Reached skill level 5 in Dodging
  2320 | D:4      | Found Cliasah's Jewellery Boutique.
  2536 | D:4      | Acquired Okawaru's first power
  2643 | D:4      | Noticed Crazy Yiuf
  2654 | D:4      | Killed Crazy Yiuf
  2654 | D:4      | Reached XP level 7. HP: 38/38 MP: 7/7
  2714 | D:4      | Noticed Grinder
  2715 | D:4      | Paralysed by Grinder for 4 turns
  2728 | D:4      | Killed Grinder
  2728 | D:4      | Reached skill level 8 in Crossbows
  3047 | D:4      | Found an ancient bone altar of Kikubaaqudgha.
  3088 | D:5      | Entered Level 5 of the Dungeon
  3219 | D:5      | Reached XP level 8. HP: 43/43 MP: 8/8
  3458 | D:5      | Reached skill level 9 in Crossbows
  3841 | D:5      | Found a staircase to the Ecumenical Temple.
  4170 | D:6      | Reached skill level 10 in Crossbows
  4247 | D:6      | Identified a scroll of acquirement
  4449 | D:6      | Reached skill level 1 in Invocations
  4449 | D:6      | Reached skill level 1 in Evocations
  4460 | D:6      | Reached XP level 9. HP: 31/47 MP: 7/11
  4558 | D:6      | Identified a +4 rod of destruction (11/11) (You acquired it on level 6 of the Dungeon)
  4572 | D:6      | Received a gift from Okawaru
  5262 | D:7      | Reached skill level 5 in Evocations
  5771 | D:8      | Reached skill level 5 in Invocations
  5827 | D:8      | Noticed Tabbeli's ghost (experienced DECj)
  5901 | D:8      | Found a staircase to the Lair.
  5901 | D:8      | Noticed a death yak
  6051 | D:9      | Found Gesazil's Assorted Antiques.
  6173 | D:9      | Bought a potion of curing for 42 gold pieces
  6286 | D:9      | Reached XP level 10. HP: 52/52 MP: 17/20
  6566 | D:9      | Found a staircase to the Orcish Mines.
  6792 | D:9      | Noticed a troll
  6797 | D:9      | Killed a troll
  7080 | D:9      | Found Esut's General Store.
  7138 | D:9      | Bought a scroll of enchant weapon I for 49 gold pieces
  7212 | D:9      | Found a radiant altar of Vehumet.
  7232 | D:9      | Found Omabraupt's Gadget Shop.
  7263 | D:9      | Bought a wand of teleportation (5) for 351 gold pieces
  7299 | D:9      | Noticed a hill giant
  7392 | D:9      | Found Uppucocw's Gadget Shoppe.
  7407 | D:10     | Entered Level 10 of the Dungeon
  7418 | D:9      | Mangled by a yak

Action                   |  1- 3 |  4- 6 |  7- 9 | 10-12 || total
-------------------------+-------+-------+-------+-------++-------
Melee: Short sword       |    19 |       |     4 |       ||    23
       Quarterstaff      |       |       |     2 |    56 ||    58
 Fire: Crossbow          |    44 |   134 |   291 |   117 ||   586
Invok: Heroism           |       |       |     8 |     4 ||    12
Evoke: Rod               |       |       |     5 |     7 ||    12
       Wand              |       |       |     1 |     1 ||     2
  Use: Scroll            |       |       |    16 |     3 ||    19
 Stab: Paralysed         |       |       |       |     3 ||     3
       Sleeping          |       |       |       |     2 ||     2
